cohdb
Replays
Latest Replays
All Replays
Popular Replays
Top Player Replays
Match Explorer
How It Works
Community
CoH3 Stats
Reddit
Sign in to upload your games and track your stats! →
Sign in with Steam
Match 47412922
Unlisted
Match 47412922
Overview
Messages
Build Orders
End
Pioneer Squad
Construct Infanterie Kompanie
Selects Terror Battlegroup
Selects Machine Gun Camouflage
MG 42 Machine Gun Team
Grenadier Squad
MG 42 Machine Gun Team
Construct Panzergrenadier Kompanie
Medical Bunker
Selects Contempt for the Weak
Panzergrenadier Squad
Construct Luftwaffe Kompanie
Jäger Squad
Jäger Squad
Luftwaffe Officer Quarters
Support Elements
Pak 40 Anti-tank Gun Team
StuG III G Assault Gun
Selects No Quarter
Disarmed
Unsafe
RunningWithFate
Onoyk
0
0
Comments
sign in to comment!
No comments posted yet!